 Dungeon Crawl Stone Soup version 0.28.0-1-gb440e238dd (webtiles) character file.

Game seed: 16220235402347359194

35 cbfl8 the Sneak (level 3, -5/33 HPs)
             Began as a Minotaur Delver on Feb 28, 2022.
             Shot with an arrow by a centaur (8 damage)
             ... on level 7 of the Dungeon.
             The game lasted 00:02:53 (572 turns).

cbfl8 the Sneak (Minotaur Delver)                    Turns: 572, Time: 00:02:53

Health: -5/33      AC:  3    Str: 18    XL:     3   Next: 17%
Magic:  2/2        EV: 12    Int:  7    God:
Gold:   35         SH:  0    Dex: 11    Spells: 2/2 levels left

rFire   . . .      SeeInvis .   a - +0 hand axe
rCold   . . .      Faith    .   (no shield)
rNeg    . . .      Spirit   .   b - +0 leather armour
rPois   .          Reflect  .   (helmet restricted)
rElec   .          Harm     .   (no cloak)
rCorr   .          Rampage  .   (no gloves)
Will    .....                   (no boots)
Stlth   ++........              (no amulet)
HPRegen 0.11/turn               (no ring)
MPRegen 0.08/turn               (no ring)

@: no status effects
A: horns 2, retaliatory headbutt
a: no special abilities


You were on level 7 of the Dungeon.
You visited 1 branch of the dungeon, and saw 4 of its levels.

You collected 35 gold pieces.

Inventory:

Hand Weapons
 a - a +0 hand axe (weapon)
Armour
 b - a +0 leather armour (worn)
Wands
 g - a wand of digging (3)
Scrolls
 c - a scroll of fog
 e - a scroll of fear
 h - a scroll of amnesia {unknown}
 i - a scroll of identify {unknown}
Potions
 d - a potion of invisibility {unknown}
 f - a potion of haste
 j - 2 potions of brilliance {unknown}


   Skills:
 + Level 3.9 Fighting
 + Level 2.6 Axes
 + Level 0.2 Armour
 + Level 2.2 Dodging
 + Level 4.8 Stealth


You had 2 spell levels left.
You didn't know any spells.
Your spell library was empty.

Dungeon Overview and Level Annotations

Branches:
Dungeon (8/15)
 Temple: D:4-7         Lair: D:8-11

Altars:

Shops:
D:5 (


Innate Abilities, Weirdness & Mutations

You have a pair of horns on your head.
You reflexively headbutt those who attack you in melee.


Message History

Found a scroll labelled ZYICID JUZARI.
Found a scroll labelled KUYGAD ANIZURCH.
h - a scroll labelled ZYICID JUZARI
i - a scroll labelled KUYGAD ANIZURCH
Found 4 datura-tipped darts.
Found a stone staircase leading down.
There is a stone staircase leading down here.
You climb downwards.
Found 2 pink potions, a mace and 19 stones.
There is a stone staircase leading up here.
j - 2 pink potions
There is a stone staircase leading up here.
A troll comes into view.
There is a stone staircase leading up here.
You climb upwards.
There is a stone staircase leading down here.
Found a stone staircase leading up.
There is a stone staircase leading up here.
You climb upwards.
An iguana comes into view.
Found a white potion.
Found a stone staircase leading up.
There is a stone staircase leading down here.
The iguana hisses angrily.
You climb downwards.
There is a stone staircase leading up here.
Okay, then.
Found a glowing quarterstaff.
The centaur shouts!
The centaur wields a +0 shortbow.
The centaur shoots an arrow.
The arrow hits you!
The centaur shoots an arrow.
The arrow hits you.
The centaur shoots an arrow.
The arrow hits you.
The centaur shoots an arrow.
The arrow hits you.
The centaur shoots an arrow.
The arrow hits you!
* * * LOW HITPOINT WARNING * * *
The centaur shoots an arrow.
The arrow closely misses you.
The centaur shoots an arrow.
The arrow hits you.
* * * LOW HITPOINT WARNING * * *
The centaur shoots an arrow.
The arrow hits you!
You die...

#.###............... #.#
#............######...... #.#
#........................ #.#
#........................ #.#
####.#+####..............
#.######.#.# #.....# .......
#........#.####.....##.......
#............................
##.###........@..............
#...........########c.......
#####.......................
#.......................
####....................
####..........##).......
#............. #...c....
#............. #........
#............ #........


You could see a centaur.

Vanquished Creatures
  A bullfrog skeleton (D:7)
  A gnoll (D:6)
2 creatures vanquished.

Notes
Turn   | Place    | Note
-------+----------+-------------------------------------------
     0 | D:5      | cbfl8 the Minotaur Delver began the quest for the Orb.
     0 | D:5      | Reached XP level 1. HP: 19/19 MP: 0/0
    32 | D:6      | Reached XP level 2. HP: 22/27 MP: 1/1
   177 | D:7      | Reached XP level 3. HP: 22/33 MP: 2/2
   244 | D:7      | Noticed a centaur
   435 | D:8      | Noticed a troll
   508 | D:6      | Noticed a necrophage
   572 | D:7      | Shot with an arrow by a centaur

Illustrated notes

Levels and vault maps discovered:
D:5:      layout_cave_pools, serial_shops, nicolae_shop_waterfront
D:6:      layout_basic, gammafunk_ghost_split,
          hangedman_abyss_or_decor_lesser_grid, uniq_pikel
D:7:      layout_basic, minmay_temple_entry_butterflies, nrook_campfire,
          columned_hall_lemuel
D:8:      layout_rooms, nicolae_straight_to_the_point

Action                   || total
-------------------------++-------
Melee: Hand axe          ||     8
       Headbutt          ||     2
  Use: Scroll            ||     1
 Stab: Sleeping          ||     1
Armor: Leather armour    ||     1
Dodge: Dodged            ||     6
